 Dungeon Crawl Stone Soup version 0.31-a0-236-g9a0961fb85 (webtiles) character file.

Game seed: 15413952511652506976

63 qw the Shooter (level 4, -1/26 HPs)
             Began as a Gargoyle Hexslinger on July 10, 2023.
             Slain by an orc
             ... wielding a +0 trident
              (5 damage)
             ... on level 3 of the Dungeon.
             The game lasted 00:00:35 (1549 turns).

qw the Shooter (Gargoyle Hexslinger)                Turns: 1549, Time: 00:00:36

Health: -1/26      AC:  5    Str: 12    XL:     4   Next: 9%
Magic:  5/5        EV: 12    Int: 13    God:
Gold:   147        SH:  0    Dex: 14    Spells: 4/5 levels left

rFire   . . .        Y - +1 sling
rCold   . . .        (no shield)
rNeg    + . .        c - +0 robe
rPois   inf          (no helmet)
rElec   +            (no cloak)
rCorr   .            (no gloves)
SInv    .            (no boots)
Will    .....        (no amulet)
Stlth   +            (no ring)
HPRegen 0.24/turn    (no ring)
MPRegen 0.09/turn

%: no passive effects
@: about to teleport
A: sickness immunity, AC +3, negative energy resistance 1, electricity
resistance, torment resistance 1, petrification resistance
a: no special abilities


You were on level 3 of the Dungeon.
You visited 1 branch of the dungeon, and saw 3 of its levels.

You collected 147 gold pieces.


Innate Abilities, Weirdness & Mutations

You are immune to sickness and miasma.
Your stone body is resilient. (AC +3)
You are immune to poison.
You resist negative energy. (rN+)
You are resistant to electric shocks. (rElec)
You are resistant to unholy torment.
You are immune to petrification.


   Skills:
 - Level 2.0 Fighting
 + Level 3.9 Ranged Weapons
 - Level 1.5 Dodging
 - Level 1.0 Spellcasting
 - Level 2.6 Hexes


You had 4 spell levels left.
You knew the following spells:

 Your Spells              Type           Power      Damage    Failure   Level
a - Slow                  Hex            28%        N/A       10%         1

Your spell library contained the following spells:

 Spells                   Type           Power      Damage    Failure   Level
 Inner Flame              Hex/Fire       4%         N/A       43%         3
 Portal Projectile        Hex/Tloc       8%         N/A       43%         3
 Cause Fear               Hex            3%         N/A       67%         4

Inventory:

Hand Weapons
 Y - a +1 sling (weapon)
Armour
 c - a +0 robe (worn)
 g - a +0 leather armour
Wands
 f - a wand of digging (2)
Scrolls
 b - 2 scrolls of identify
 i - a scroll of torment {unknown}
Potions
 d - a potion of berserk rage {unknown}
 e - a potion of mutation {unknown}
 h - a potion of lignification {unknown}

Dungeon Overview and Level Annotations

Branches:
Dungeon (3/15)

Altars:


Message History

You shoot a sling bullet. The sling bullet hits the orc.
You kill the orc!
You shoot a sling bullet. The sling bullet hits the river rat.
The river rat is lightly wounded.
The river rat bites you but does no damage.
The orc closely misses you.
You shoot a sling bullet.
The sling bullet hits the river rat but does no damage.
The river rat is lightly wounded.
The river rat closely misses you. The orc closely misses you.
You shoot a sling bullet. The sling bullet hits the river rat.
The river rat is moderately wounded.
The orc barely misses you. The river rat bites you.
The orc wizard mumbles some strange words.
The orc wizard flickers and vanishes!
Deactivating autopickup; reactivate with Ctrl-A.
You shoot a sling bullet.
The sling bullet hits the river rat but does no damage.
The river rat is moderately wounded.
The river rat bites you. The orc barely misses you. x2
The river rat barely misses you.
You shoot a sling bullet.
The sling bullet barely misses the river rat.
The sling bullet barely misses the orc.
The sling bullet misses the frilled lizard.
The sling bullet hits the rat but does no damage.
The river rat closely misses you. The orc closely misses you.
You shoot a sling bullet. The sling bullet hits the river rat.
The river rat is almost dead.
The orc misses you. The river rat barely misses you.
You shoot a sling bullet.
The sling bullet hits the river rat but does no damage.
The river rat is almost dead.
The orc barely misses you. The river rat bites you!
1549 ||| READING scroll of teleportation.
As you read the scroll of teleportation, it crumbles to dust.
You feel strangely unstable. The river rat bites you.
The orc hits you from afar with a +0 trident.
You die...

.#.#.#
#......)#.##.###
##
#.###............#
#.....####.##.##.#
#...#)####.##.##.#
#.......##.##....#
##.##.#.##.#####.#
#...#......# #.#
#...#....... ..#
#.#@#.....### .#
###r#.....#
#o#.....#
{l####### )or#
r#### .o .r .#


You could see an orc priest, a river rat, an orc, a frilled lizard and a rat.

Vanquished Creatures
  An adder (D:2)
  4 orcs (D:3)
  2 giant cockroaches (D:1)
  6 goblins
  7 hobgoblins
  2 jackals (D:1)
  2 quokkas (D:2)
  3 ball pythons
  3 bats
  3 frilled lizards
  9 kobolds
  4 rats
46 creatures vanquished.

Notes
Turn   | Place    | Note
-------+----------+-------------------------------------------
     0 | D:1      | qw the Gargoyle Hexslinger began the quest for the Orb.
     0 | D:1      | Reached XP level 1. HP: 12/12 MP: 2/2
     0 | D:1      | 0 ||| qw: Version: 0.3-a-52-g30416fa
     0 | D:1      | 0 ||| qw: Game counter: 4800
     0 | D:1      | 0 ||| qw: Melee chars always use a shield: true
     0 | D:1      | 0 ||| qw: God list: Okawaru
     0 | D:1      | 0 ||| qw: Allow faded altars: false
     0 | D:1      | 0 ||| qw: Do Orc after clearing Dungeon:15 true
     0 | D:1      | 0 ||| qw: Do second Lair branch before Depths: true
     0 | D:1      | 0 ||| qw: Lair rune preference: random
     0 | D:1      | 0 ||| qw: Goals: Normal
     0 | D:1      | 0 ||| PLANNING D:1-11
   226 | D:1      | Reached XP level 2. HP: 16/16 MP: 3/3
   453 | D:1      | Reached skill level 3 in Ranged Weapons
   576 | D:1      | Reached XP level 3. HP: 21/21 MP: 4/4
   753 | D:1      | 753 ||| READING scroll labelled DANISY IHUEMO.
   754 | D:1      | 754 ||| READING scroll labelled JUX BUROABIES.
   755 | D:1      | 755 ||| READING scroll labelled KENWUNL JIDIPH.
   756 | D:1      | 756 ||| READING scroll labelled VAOPRA UHORU.
   757 | D:1      | 757 ||| DROPPING scroll of poison.
  1245 | D:2      | 1245 ||| READING 2 scrolls labelled OGEVUATUOJ.
  1264 | D:3      | 1264 ||| PLANNING SEWER
  1529 | D:3      | Reached XP level 4. HP: 26/26 MP: 5/5
  1530 | D:3      | 1530 ||| Stepping ~*~*~tactically~*~*~ (outnumbered).
  1532 | D:3      | 1532 ||| Stepping ~*~*~tactically~*~*~ (outnumbered).
  1534 | D:3      | 1534 ||| Stepping ~*~*~tactically~*~*~ (outnumbered).
  1548 | D:3      | HP: 6/26 [river rat (7)]
  1549 | D:3      | 1549 ||| READING scroll of teleportation.
  1549 | D:3      | Slain by an orc

Levels and vault maps discovered:
D:1:      nagdon_arrival_zigzag_paths, layout_basic
D:2:      layout_basic
D:3:      layout_loops_cross, lightli_temple_of_fire, lightli_sewer_entry_pipes

Skill      XL: |  1  2 |
---------------+-------+-----
Ranged Weapons | 3 |  3.9
Fighting       | 2 |  2.0
Dodging        | |  1.5
Spellcasting   | |  1.0
Hexes          | |  2.6

Action                     |  1- 3 |  4- 6 || total
---------------------------+-------+-------++-------
   Fire: Sling             |   125 |    15 ||   140
    Use: Scroll            |     5 |     1 ||     6
 Armour: Robe              |    21 |     3 ||    24
  Dodge: Dodged            |    39 |    13 ||    52

Table legend:
 A = Non-vault XP
 B = Vault XP
 C = Vault XP percentage of total XP
 D = Non-vault monster count
 E = Vault monster count
 F = Vault count percentage of total count
                 A         B        C        D         E       F
            +---------+---------+-------+---------+---------+-------
      Total |      90 |       0 |   0.0 |      46 |       0 |   0.0
            +---------+---------+-------+---------+---------+-------
        D:1 |      36 |       0 |   0.0 |      22 |       0 |   0.0
        D:2 |      36 |       0 |   0.0 |      16 |       0 |   0.0
        D:3 |      18 |       0 |   0.0 |       8 |       0 |   0.0
            +---------+---------+-------+---------+---------+-------
